 Dungeon Crawl Stone Soup version 0.29.1-2-gbd0b4ee654 (webtiles) character file.

Game seed: 198494412860175038

20717 cdecastro the Sage (level 12, -3/86 HPs)
             Began as a Merfolk Gladiator on Oct 23, 2022.
             Was a High Priest of Sif Muna.
             Slain by a centaur warrior (4 damage)
             ... on level 13 of the Dungeon.
             The game lasted 00:37:30 (15120 turns).

cdecastro the Sage (Merfolk Gladiator)             Turns: 15120, Time: 00:37:31

Health: -3/86      AC:  7    Str: 15    XL:     12   Next: 82%
Magic:  22/22      EV: 17    Int: 15    God:    Sif Muna [*****.]
Gold:   818        SH:  0    Dex: 16    Spells: 16/16 levels left

rFire   + . .      SeeInvis +   B - +8 dagger of Karma {elec, *Rage rN+++ SInv Stlth+}
rCold   . . .      Faith    .   (no shield)
rNeg    + + +      Spirit   .   P - +0 steam dragon scales
rPois   +          Reflect  +   s - +0 helmet of Yligh {rF+ Int+4}
rElec   .          Harm     .   J - +0 cloak
rCorr   .          Rampage  .   (no gloves)
Will    .....      Rage     20% (no boots)
Stlth   +.........              K - amulet of reflection
HPRegen 0.24/turn               R - ring of poison resistance
MPRegen 0.18/turn               (no ring)

@: confused, on fire, ambrosia-drunk, on berserk cooldown, glowing
A: (nimble swimmer 2), mertail
a: Renounce Religion, Channel Magic, Forget Spell, Divine Exegesis


You were on level 13 of the Dungeon.
You worshipped Sif Muna.
Sif Muna was extremely pleased with you.
You visited 2 branches of the dungeon, and saw 14 of its levels.
You also visited: Sewer.

You collected 818 gold pieces.

Inventory:

Hand Weapons
 a - a +3 short sword of protection
 r - a +1 spear of venom
 B - the +8 dagger of Karma (weapon) {elec, *Rage rN+++ SInv Stlth+}
   (You found it on level 4 of the Dungeon)

   It occasionally discharges a powerful burst of electricity upon striking a
   foe.
   rN:        It renders you almost immune to negative energy.
   SInv:      It lets you see invisible.
   *Rage:     It berserks you when you make melee attacks (+20% chance).
   Stlth:     It makes you more stealthy.
 I - a +1 rapier of venom
Missiles
 d - 3 throwing nets
 e - 7 javelins
 j - 84 stones
 n - 20 poisoned darts (quivered)
 z - 2 datura-tipped darts
 N - 10 boomerangs of dispersal
 O - 6 boomerangs
Armour
 b - +0 acid dragon scales
 p - a +0 helmet of see invisible
 s - the +0 helmet of Yligh (worn) {rF+ Int+4}
   (You took it off Robin on level 3 of the Dungeon)

   Int:       It affects your intelligence (+4).
   rF:        It protects you from fire.
 C - an orb of wrath
 J - a +0 cloak (worn)
 P - +0 steam dragon scales (worn)
 Q - a +2 robe of cold resistance
 V - a +0 troll leather armour
Magical Staves
 S - a staff of earth
Jewellery
 K - an amulet of reflection (around neck)
 R - a ring of poison resistance (left hand)
Wands
 H - a wand of digging (6)
 M - a wand of mindburst (18)
Scrolls
 c - 3 scrolls of amnesia {unknown}
 f - 2 scrolls of vulnerability {unknown}
 h - 3 scrolls of identify
 i - 5 scrolls of teleportation {unknown}
 k - 2 scrolls of magic mapping {unknown}
 m - a scroll of fear
 o - 3 scrolls of poison {unknown}
 q - 2 scrolls of blinking
 v - 3 scrolls of enchant weapon {unknown}
 w - a scroll of enchant armour
 y - 2 scrolls of silence {unknown}
 E - a scroll of immolation
 T - 2 scrolls of butterflies {unknown}
Potions
 g - 2 potions of flight
 t - 2 potions of magic
 u - a potion of might {unknown}
 x - 3 potions of haste
 A - 2 potions of attraction
 D - 7 potions of curing
 F - a potion of mutation
 G - 2 potions of resistance
 L - 2 potions of lignification


   Skills:
 - Level 5.0 Fighting
 - Level 10.0 Short Blades
 - Level 9.3 Polearms
 - Level 2.0 Throwing
 - Level 10.2 Dodging
 - Level 10.7 Stealth
 - Level 2.5 Spellcasting
 + Level 14.3 Invocations


You had 16 spell levels left.
You didn't know any spells.
Your spell library contained the following spells:

 Spells                   Type           Power      Damage    Failure   Level
 Beastly Appendage        Tmut           2%         N/A       22%         1
 Magic Dart               Conj           4%         1d3       22%         1
 Sting                    Tmut/Pois      4%         1d3       22%         1
 Poisonous Vapours        Pois/Air       2%         N/A       32%         2
 Searing Ray              Conj           2%         2d4       32%         2
 Wereblood                Tmut           1%         N/A       32%         2
 Ignite Poison            Fire/Tmut/Pois 1%         N/A       54%         3
 Ozocubu's Armour         Ice            1%         N/A       54%         3
 Portal Projectile        Hex/Tloc       2%         N/A       54%         3
 Spider Form              Tmut/Pois      1%         N/A       54%         3
 Tukima's Dance           Hex            1%         N/A       54%         3
 Anguish                  Hex/Necr       0%         N/A       91%         4
 Corpse Rot               Necr/Pois/Air  1%         N/A       91%         4
 Flame Wave               Conj/Fire      1%         2d4       91%         4
 Fulminant Prism          Conj/Hex       0%         3d6       91%         4
 Ice Form                 Ice/Tmut       1%         N/A       91%         4
 Leda's Liquefaction      Hex/Erth       0%         N/A       91%         4
 Alistair's Intoxication  Tmut/Pois      0%         N/A       99%         5
 Blade Hands              Tmut           0%         N/A       99%         5
 Dragon Form              Tmut           0%         N/A       100%        7
 Ozocubu's Refrigeration  Ice            0%         4d7       100%        7
 Necromutation            Tmut/Necr      0%         N/A       100%        8


Dungeon Overview and Level Annotations

Branches:
Dungeon (13/15)            Temple (1/1) D:7            Lair (0/5) D:9
    Orc (0/2) D:10          Sewer (visited)
 Vaults: D:13-14

Altars:
Ashenzari
Cheibriados
Dithmenos
Elyvilon
Fedhas
Gozag
Hepliaklqana
Kikubaaqudgha
Makhleb
Nemelex Xobeh
Okawaru
Qazlal
Ru
Sif Muna
Uskayaw
Vehumet
Wu Jian
Xom
Yredelemnul
Zin
The Shining One

Shops:
D:3 =   D:9 *   D:10 :

Annotations:
D:2 Sigmund
D:8 Psyche
D:9 2 transporters


Innate Abilities, Weirdness & Mutations

((You are very nimble when in or above water. (Stealth+, EV+, Speed+++)))
Your lower body shifts to a powerful aquatic tail in water.


Message History

The centaur warrior is severely wounded.
The centaur warrior hits you!
* * * LOW HITPOINT WARNING * * *
The centaur warrior kicks you but does no damage.
A tengu warrior comes into view. It is wielding a +0 halberd.
Unknown command.
You barely miss the centaur warrior.
The centaur warrior is severely wounded.
You block the centaur warrior's attack.
The centaur warrior kicks you but does no damage.
Unknown command.
You hit the centaur warrior.
The centaur warrior is severely wounded.
Unknown command.
You hit the centaur warrior.
The centaur warrior is severely wounded.
The centaur warrior closely misses you.
The centaur warrior kicks you but does no damage.
Unknown command.
You puncture the centaur warrior!
The centaur warrior is almost dead.
The centaur warrior hits you!
* * * LOW HITPOINT WARNING * * *
The centaur warrior kicks you.
* * * LOW HITPOINT WARNING * * *
Unknown command.
Okay, then.
You are confused.
You feel invigorated. The centaur warrior misses you.
The centaur warrior kicks you but does no damage.
The centaur warrior hits you.
* * * LOW HITPOINT WARNING * * *
The centaur warrior kicks you.
* * * LOW HITPOINT WARNING * * *
The deep elf pyromancer gestures at you while chanting.
The sticky flame hits you. You resist.
You are covered in liquid flames!
* * * LOW HITPOINT WARNING * * *
The centaur warrior hits you.
You die...

.......
#.......#............
......#
##......#.........)...
#.......##............
##.......###...........
##........#
##..........
#.........# ###........
#.........# ##.......
##......c..# #.......
#.......@..# #.......
#..........# ##......
#.........## ##.....
#...Qe....# #.....
#.........# ..#...
#.........# ..#####
##†......## .#
#.)......# #.########


You could see a tengu warrior, a centaur warrior and a deep elf pyromancer.

Vanquished Creatures
  Fannar (D:10)
  2 boulder beetles
  A hydra (D:8)
  3 deep elf pyromancers
  A manticore (D:12)
  An ugly thing (D:12)
  2 cyclopes
  2 gargoyles (D:12)
  2 unseen horrors
  2 kobold demonologists (D:5)
  A komodo dragon (D:13)
  7 trolls
  A hornet (D:7)
  4 slime creatures (D:12)
  2 dream sheep (D:8)
  A vampire (D:10)
  6 wraiths (D:10)
  18 yaks
  A wyvern (D:9)
  A steam dragon (D:8)
  11 vampire mosquitoes
  Menkaure (D:7)
  An acid dragon (D:12)
  A warg (D:10)
  3 water moccasins
  2 orc warriors
  Duvessa (D:6)
  An ice beast (D:5)
  2 black bears (D:6)
  A sky beast (D:8)
  3 ogres
  2 centaurs
  2 phantoms (D:4)
  4 kobold brigands
  5 bullfrogs
  2 gnoll sergeants
  7 scorpions
  Dowan (D:6)
  8 killer bees
  2 electric eels
  6 howler monkeys
  3 centaur zombies (D:10)
  4 jellies
  6 orc priests
  6 hounds
  4 iguanas
  2 hell rats
  6 orc wizards
  A howler monkey zombie (D:10)
  Robin (D:3)
  17 gnolls
  9 adders
  2 river rats (Sewer)
  A white imp (D:4)
  2 worms
  2 dart slugs
  34 orcs
  10 endoplasms
  5 giant cockroaches
  12 goblins
  14 hobgoblins
  4 jackals
  5 quokkas
  9 ball pythons
  9 bats
  5 frilled lizards
  15 kobolds
  21 rats
334 creatures vanquished.

Vanquished Creatures (others)
  3 fungi (D:5)
  6 plants (D:5)
  2 withered plants (D:10)
11 creatures vanquished.

Grand Total: 345 creatures vanquished

Notes
Turn   | Place    | Note
-------+----------+-------------------------------------------
     0 | D:1      | cdecastro the Merfolk Gladiator began the quest for the
                  | Orb.
     0 | D:1      | Reached XP level 1. HP: 16/16 MP: 1/1
   177 | D:1      | Reached XP level 2. HP: 14/22 MP: 2/2
   426 | D:1      | Reached skill level 5 in Polearms
   468 | D:1      | Found a faded altar of an unknown god.
  1399 | D:1      | Prayed at the altar of an unknown god.
  1399 | D:1      | Became a worshipper of Sif Muna the Loreminder
  1399 | D:1      | Reached * piety under Sif Muna
  1471 | D:2      | Reached XP level 3. HP: 22/27 MP: 3/3
  2078 | D:2      | Reached XP level 4. HP: 31/33 MP: 4/4
  2106 | D:2      | Got the Incunable of Glamour and the Pyre
  2423 | D:2      | Noticed Sigmund
  2878 | D:3      | Identified the +0 helmet of Yligh {rF+ Int+4}
  2878 | D:3      | Noticed Robin
  2908 | D:3      | Killed Robin
  2912 | D:3      | Reached ** piety under Sif Muna
  2970 | D:3      | Found a glowing drain.
  2974 | Sewer    | Entered a sewer
  3003 | Sewer    | Reached XP level 5. HP: 21/38 MP: 5/5
  3574 | D:3      | Found a sparkling altar of Nemelex Xobeh.
  3606 | D:3      | Found a white marble altar of Elyvilon.
  3632 | D:3      | Found a basalt altar of Yredelemnul.
  3992 | D:3      | Reached XP level 6. HP: 34/44 MP: 6/6
  4126 | D:3      | Reached *** piety under Sif Muna
  4342 | D:3      | Found Junasiad's Jewellery Emporium.
  4604 | D:4      | Identified the +8 dagger of Karma {elec, *Rage rN+++ SInv
                  | Stlth+}
  4646 | D:4      | Identified the +10 flail of Behou {elec, Str+3 SInv}
  4962 | D:4      | Reached XP level 7. HP: 49/50 MP: 7/7
  5343 | D:5      | Entered Level 5 of the Dungeon
  5351 | D:5      | Reached skill level 5 in Short Blades
  5391 | D:5      | Noticed a kobold demonologist
  5392 | D:5      | Noticed a kobold demonologist
  5602 | D:5      | Killed a kobold demonologist
  5603 | D:5      | Reached XP level 8. HP: 33/56 MP: 8/8
  5603 | D:5      | Noticed an ice devil
  5617 | D:5      | Killed a kobold demonologist
  5882 | D:5      | Reached skill level 10 in Short Blades
  5882 | D:5      | Reached skill level 1 in Stealth
  6321 | D:5      | Reached XP level 9. HP: 61/61 MP: 9/9
  6492 | D:5      | Reached **** piety under Sif Muna
  6641 | D:5      | Reached skill level 5 in Stealth
  6944 | D:6      | Found a shadowy altar of Dithmenos.
  6951 | D:6      | Reached skill level 5 in Dodging
  6962 | D:6      | Noticed Duvessa
  6962 | D:6      | Noticed Dowan
  6969 | D:6      | Killed Duvessa
  6974 | D:6      | Killed Dowan
  7863 | D:7      | Noticed a hornet
  7870 | D:7      | Paralysed by a hornet for 1 turns
  7873 | D:7      | Killed a hornet
  7874 | D:7      | Reached skill level 10 in Dodging
  8018 | D:7      | Noticed a troll
  8031 | D:7      | Killed a troll
  8032 | D:7      | Reached XP level 10. HP: 73/73 MP: 10/10
  8054 | D:7      | Found a staircase to the Ecumenical Temple.
  8058 | D:7      | Reached skill level 5 in Fighting
  8061 | Temple   | Entered the Ecumenical Temple
  8268 | D:7      | Noticed Menkaure
  8275 | D:7      | Killed Menkaure
  8516 | D:7      | Found an opulent altar of Gozag.
  8733 | D:8      | Identified the +1 robe of the Lobster {*Corrode rElec rPois
                  | Int+5}
  8828 | D:8      | Noticed a three-headed hydra
  8831 | D:8      | Killed a three-headed hydra
  8980 | D:8      | Noticed Psyche
  9369 | D:8      | Found a stormy altar of Qazlal.
  9372 | D:8      | Found an iron altar of Okawaru.
  9377 | D:8      | Found a shimmering blue altar of Sif Muna.
  9525 | D:9      | Noticed a death yak
  9527 | D:9      | Found a staircase to the Lair.
  9660 | D:9      | Reached skill level 10 in Stealth
  9660 | D:9      | Reached skill level 1 in Spellcasting
  9760 | D:9      | Found Ledilaho's Lightly-Used Armoury.
  9791 | D:9      | Reached skill level 1 in Invocations
  9858 | D:9      | Reached skill level 2 in Invocations
  9954 | D:9      | Found a transporter.
  9989 | D:9      | Reached skill level 3 in Invocations
 10066 | D:9      | Found a transporter.
 10113 | D:9      | Reached ***** piety under Sif Muna
 10115 | D:9      | Noticed a death yak
 10243 | D:9      | Noticed a death yak
 10254 | D:9      | Reached XP level 11. HP: 79/79 MP: 14/14
 10271 | D:9      | Reached skill level 4 in Invocations
 10280 | D:9      | Reached skill level 5 in Invocations
 10471 | D:10     | Entered Level 10 of the Dungeon
 10512 | D:10     | Reached skill level 6 in Invocations
 10533 | D:10     | Noticed Fannar
 10540 | D:10     | Killed Fannar
 10563 | D:10     | Reached skill level 7 in Invocations
 10913 | D:10     | Received a gift from Sif Muna
 11104 | D:10     | Reached skill level 8 in Invocations
 11164 | D:10     | Found a staircase to the Orcish Mines.
 11271 | D:10     | Found Zaraireo's Book Shop.
 11396 | D:10     | Found a hide-covered altar of Uskayaw.
 11396 | D:10     | Found a snail-covered altar of Cheibriados.
 11659 | D:10     | Reached skill level 9 in Invocations
 11944 | D:11     | Noticed a cyclops
 11959 | D:11     | Killed a cyclops
 12020 | D:11     | Noticed a six-headed hydra
 12097 | D:11     | Noticed a boulder beetle
 12099 | D:11     | Upgraded the game from 0.29.1-1-gd02db6906a to
                  | 0.29.1-2-gbd0b4ee654
 12105 | D:11     | Noticed a deep elf pyromancer
 12216 | D:10     | Reached skill level 10 in Invocations
 12351 | D:11     | Killed a deep elf pyromancer
 12563 | D:11     | Killed a boulder beetle
 12564 | D:11     | Reached XP level 12. HP: 69/86 MP: 19/19
 12796 | D:11     | Reached skill level 11 in Invocations
 13277 | D:12     | Reached skill level 12 in Invocations
 13878 | D:12     | Reached skill level 13 in Invocations
 14326 | D:13     | Noticed a boulder beetle
 14342 | D:13     | Killed a boulder beetle
 14342 | D:13     | Received a gift from Sif Muna
 14345 | D:13     | Got Yluash's Reference Book on Transmutation {god gift}
 14634 | D:13     | Noticed a centaur warrior
 14657 | D:13     | Reached skill level 14 in Invocations
 15047 | D:13     | Noticed an ironbound preserver
 15095 | D:13     | Noticed a centaur warrior
 15114 | D:13     | Noticed a tengu warrior
 15120 | D:13     | HP: 1/86 [deep elf pyromancer/sticky flame (4)]
 15120 | D:13     | Slain by a centaur warrior

Illustrated notes

Levels and vault maps discovered:
D:1:      dpeg_arrival_more_subterranean_lakeside_camping, layout_loops_cross,
          ebering_ecumenical_altar_ruins, serial_forest,
          infiniplex_forest_lined_room_2, infiniplex_forest_end_3,
          infiniplex_forest_lined_4_way, infiniplex_forest_straight_4,
          infiniplex_forest_zigzag_2, infiniplex_forest_clump_double,
          infiniplex_forest_clump_medium, infiniplex_forest_lined_3_way,
          minivault_27, minmay_misc_feat_ornament
D:2:      layout_basic, minmay_quadrilaterals, uniq_sigmund
D:3:      layout_loops_ring, lemuel_tele_altar,
          mainiacjoe_overflow_tiny_flanked, nemelex_xobeh_ov_fountains_minmay,
          gup_sewer_entry_bowl, serial_shops, shop, uniq_robin
D:4:      layout_rooms, minmay_misc_feat_plants
D:5:      old_forge, layout_loops_ring, minmay_misc_feat_chi
D:6:      layout_rooms, grunt_dithmenos_smoke_and_mirrors,
          corexii_leaking_fountain, uniq_duvessa
D:7:      layout_rooms, nicolae_gozag_cash_rules_everything_around_me,
          minmay_temple_entry_slanted, uniq_menkaure
D:8:      layout_basic, grunt_temple_overflow_diamond, hangedman_ranch,
          uniq_psyche
D:9:      gammafunk_cloud_chamber, layout_irregular_city, trog_ov_bears_minmay,
          dpeg_lair_monsters, serial_glass, glass_columns_b, glass_columns_a,
          item_on_display_a, item_on_display_a, feat_on_display,
          fungi_pond_lemuel, minmay_shop_damaged
D:10:     layout_loops_cross, gammafunk_temple_overflow_wave, erik_orc_4,
          enter_bailey_7, serial_undead, serial_undead_c, serial_undead_b,
          serial_undead_e, serial_undead_f, serial_shops,
          nicolae_shop_temple_entry_statues_fountains, uniq_fannar
D:11:     layout_cave_pools, minivault_14
D:12:     layout_long_grid
D:13:     layout_cave_pods, skrybe_vaults_entry_preservation
Temple:   bh_familiar_temple

Skill      XL: |  1  2  3  4  5  6  7  8  9 10 11 12 |
---------------+-------------------------------------+-----
Polearms       | 5 6 7 8 9 |  9.3
Short Blades   | 3 7 10 | 10.0
Stealth        | 4 5 10 | 10.7
Dodging        | 10 | 10.2
Fighting       | 4 5 |  5.0
Spellcasting   | 2 |  2.5
Invocations    | 3 10 14 | 14.3
Throwing       | |  2.0

Action                   |  1- 3 |  4- 6 |  7- 9 | 10-12 || total
-------------------------+-------+-------+-------+-------++-------
Melee: Trident           |   105 |    58 |       |       ||   163
       Punch             |     1 |     1 |     7 |     6 ||    15
       Spear             |       |   207 |    93 |       ||   300
       Tailslap          |       |     1 |       |     6 ||     7
       Dagger            |       |       |   132 |   582 ||   714
Throw: Throwing net      |     1 |       |       |       ||     1
       Dart              |       |       |       |    24 ||    24
Evoke: Wand              |       |       |       |     1 ||     1
  Use: Scroll            |       |     4 |     7 |     8 ||    19
       Potion            |       |       |     1 |     4 ||     5
 Stab: Sleeping          |       |     4 |    12 |    18 ||    34
       Distracted        |       |       |     1 |       ||     1
Armor: Leather armour    |    31 |    32 |    45 |     1 ||   109
       Skin              |       |       |       |    13 ||    13
       Steam dragon scal |       |       |       |    71 ||    71
Dodge: Dodged            |    71 |   109 |   121 |   258 ||   559
Block: Other             |       |       |       |    46 ||    46
